 Dungeon Crawl Stone Soup version 0.28-a0-241-gfbb0926a3a (webtiles) character file.

Game seed: 12910911068461095738

156 Malachi the Chopper (level 5, -3/75 HPs)
             Began as a Naga Berserker on Aug 24, 2021.
             Was a Believer of Trog.
             Slain by Ijyb (5 damage)
             ... on level 3 of the Dungeon.
             The game lasted 00:02:54 (5076 turns).

Malachi the Chopper (Naga Berserker)                Turns: 5076, Time: 00:02:55

Health: -3/75      AC: -4    Str: 20    XL:     5   Next: 37%
Magic:  5/5        EV: 10    Int:  8    God:    Trog [**....]
Gold:   118        SH:  0    Dex: 10    Spells: 4/4 levels left

rFire   . . .      SeeInvis +   a - +0 hand axe
rCold   . . .      Faith    .   (no shield)
rNeg    . . .      Spirit   .   b - +0 animal skin
rPois   +          Reflect  .   (no helmet)
rElec   .          Harm     .   (no cloak)
rCorr   .          Rampage  .   n - +0 pair of gloves
Will    .....                   (no barding)
Stlth   ..........              (no amulet)
HPRegen 0.22/turn               (no ring)
MPRegen 0.09/turn               (no ring)

@: berserking (expiring), corroded, quick
A: AC +1, large, see invisible, deformed body, poison resistance, slowness 2,
spit poison 1, naga tail 1
a: Spit Poison, Renounce Religion, Berserk, Trog's Hand


You were on level 3 of the Dungeon.
You worshipped Trog.
Trog was pleased with you.
You visited 1 branch of the dungeon, and saw 3 of its levels.

You collected 118 gold pieces.

Inventory:

Hand Weapons
 a - a +0 hand axe (weapon)
Armour
 b - a +0 animal skin (worn)
 n - a +0 pair of gloves (worn)
Scrolls
 d - 2 scrolls of amnesia {unknown}
 e - a scroll of noise {unknown}
 h - 2 scrolls of identify {unknown}
 i - 2 scrolls of teleportation {unknown}
 k - a scroll of blinking {unknown}
 m - 2 scrolls of immolation {unknown}
 o - a scroll of fog {unknown}
 p - a scroll of magic mapping {unknown}
Potions
 c - a potion of attraction {unknown}
 f - a potion of degeneration {unknown}
 g - a potion of lignification {unknown}
 j - a potion of curing {unknown}
 l - a potion of brilliance {unknown}


   Skills:
 + Level 3.9 Fighting
 + Level 4.4 Axes
 + Level 1.8 Armour
 + Level 2.3 Dodging
 + Level 2.2 Stealth


You had 4 spell levels left.
You didn't know any spells.
Your spell library was empty.

Dungeon Overview and Level Annotations

Branches:
Dungeon (3/15)

Altars:

Annotations:
D:3 Ijyb


Innate Abilities, Weirdness & Mutations

Your serpentine skin is tough. (AC +1)
You have supernaturally acute eyesight. (SInv)
Armour fits poorly on your strangely shaped body.
Your system is resistant to poisons. (rPois)
You cover ground very slowly.
You can spit poison.
You have a snake-like lower body.


Message History

The jackal closely misses you.
Unknown command.
You hit Ijyb but do no damage. You hit the jackal but do no damage.
The jackal stops to sniff the ground.
The jackal barely misses you. Ijyb hits you with a +0 club.
You hit Ijyb.
Ijyb is moderately wounded.
You barely miss the jackal. The jackal closely misses you.
Ijyb zaps a wand.
The bolt of acid hits you!
* * * LOW HITPOINT WARNING * * *
The acid corrodes you!
You are splashed with acid!
* * * LOW HITPOINT WARNING * * *
Unknown command.
You barely miss Ijyb.
Ijyb is moderately wounded.
You closely miss the jackal. The jackal bites you.
* * * LOW HITPOINT WARNING * * *
You hit Ijyb.
Ijyb is moderately wounded.
You hit the jackal.
You kill the jackal!
Trog accepts your kill. Ijyb misses you.
You hit Ijyb but do no damage.
Ijyb is moderately wounded.
Ijyb zaps a wand.
The bolt of acid misses you.
You closely miss Ijyb.
Ijyb is moderately wounded.
Ijyb hits you with a +0 club.
* * * LOW HITPOINT WARNING * * *
You hit Ijyb but do no damage.
Ijyb is moderately wounded.
You hit Ijyb but do no damage.
Ijyb is moderately wounded.
Ijyb completely misses you.
You closely miss Ijyb.
Ijyb is moderately wounded.
Ijyb screams, "You nasty!
Big nasty!"
Ijyb hits you with a +0 club.
You die...

#############
#.......'...#
+$....g@'...#
#..:..).#...#
##########...#
#.)..........#
#.†.)........#
#≈≈..##'##.....##'##
#≈≈..#.. #.....#...#
#≈≈.g#.. #.....#...#
#≈≈..#.. #))...#...#


You could see Ijyb.

Vanquished Creatures
  Jessica (D:2)
  An iguana (D:2)
  A killer bee zombie (D:3)
  An adder (D:3)
  An ufetubus (D:3)
  2 worms (D:2)
  2 dart slugs
  2 orcs (D:3)
  7 endoplasms
  A giant cockroach (D:2)
  14 goblins
  2 hobgoblins
  3 jackals (D:3)
  2 quokkas
  6 ball pythons
  3 bats
  3 frilled lizards
  3 kobolds
  3 rats
58 creatures vanquished.

Notes
Turn   | Place    | Note
-------+----------+-------------------------------------------
     0 | D:1      | Malachi the Naga Berserker began the quest for the Orb.
     0 | D:1      | Reached XP level 1. HP: 21/21 MP: 1/1
   213 | D:1      | You fall into a shaft and drop 1 floor!
   597 | D:2      | Reached XP level 2. HP: 15/28 MP: 2/2
  1254 | D:2      | Noticed Jessica
  1264 | D:2      | Killed Jessica
  1265 | D:2      | Reached XP level 3. HP: 15/34 MP: 3/3
  1566 | D:2      | HP: 1/51 [iguana (3)]
  1569 | D:2      | Reached XP level 4. HP: 2/44 MP: 4/4
  2656 | D:1      | Reached skill level 1 in Stealth
  2806 | D:1      | Reached skill level 4 in Axes
  4319 | D:3      | Reached XP level 5. HP: 29/50 MP: 5/5
  4732 | D:3      | Found a faded altar of an unknown god.
  4811 | D:3      | Reached ** piety under Trog
  5063 | D:3      | Noticed Ijyb
  5073 | D:3      | HP: 1/75 [Ijyb (5)]
  5076 | D:3      | Slain by Ijyb

Illustrated notes

Levels and vault maps discovered:
D:1:      minmay_arrival_four_houses, layout_basic
D:2:      layout_basic, uniq_jessica
D:3:      kennysheep_goblin_castle, layout_loops_ring,
          dreamdust_ecumenical_altar_angels_and_demons

Skill      XL: |  1  2  3  4  5 |
---------------+----------------+-----
Dodging        | 2 |  2.3
Stealth        | 1 2 |  2.2
Axes           | 4 |  4.4
Fighting       | |  3.9
Armour         | |  1.8

Action                   |  1- 3 |  4- 6 || total
-------------------------+-------+-------++-------
Melee: Hand axe          |    61 |   140 ||   201
Invok: Berserk           |     3 |     3 ||     6
 Abil: Spit Poison       |       |     1 ||     1
 Stab: Sleeping          |       |     5 ||     5
Armor: Animal skin       |     4 |    37 ||    41
Dodge: Dodged            |    25 |    91 ||   116

Table legend: (Time is in decaauts)
 A = Elapsed time spent in this place.
 B = Non-inter-level travel time spent in this place.
 C = Inter-level travel time spent in this place.
 D = Time resting spent in this place.
 E = Time spent auto-exploring this place.
 F = Levels seen in this place.
 G = Mean time per level.
                   A        B        C        D        E       F      G
               +--------+--------+--------+--------+--------+-----+--------+
         Total |   5962 |   5716 |    246 |   1543 |   3605 |   3 | 1987.3 |
       Dungeon |   5962 |   5716 |    246 |   1543 |   3605 |   3 | 1987.3 |
               +--------+--------+--------+--------+--------+-----+--------+

Top non-repeatable levels by time:
     D:2: 2584 daAuts
     D:3: 1925 daAuts
     D:1: 1452 daAuts
